 Dungeon Crawl Stone Soup version 0.14-a0-2359-g1e808ab (webtiles) character file.

984 Econoterrorist the Slasher (level 7, -8/45 HPs)
             Began as a High Elf Skald on Jan 31, 2014.
             Succumbed to M4edhros' ghost's poison
             ... on Level 6 of the Dungeon.
             The game lasted 00:28:11 (6759 turns).

Econoterrorist the Slasher (High Elf Skald)         Turns: 6759, Time: 00:28:11

HP  -8/45        AC  9     Str 11      XL: 7   Next: 62%
MP  19/19        EV  7     Int 17      God:
Gold 170         SH 28     Dex 16      Spells:  3 memorised,  6 levels left

rFire  . . .     SeeInvis .     F - +0 falchion
rCold  . . .     Clarity  .     b - +0 elf leather armour
rNeg   . . .     Conserve +     D - +0 elf large shield
rPois  .         rCorr    .     l - +0 helmet
rElec  .         rRot     .     y - -1 cloak {MR+} (curse)
SustAb . .       Spirit   .     (no gloves)
rMut   .         Warding  .     C - +0 pair of boots
Saprov . . .     Stasis   .     x - amulet of conservation
MR     +....                    B - +4 ring of protection
                                n - ring of flight

@: extremely poisoned, somewhat resistant to hostile enchantments, unstealthy
A: no striking features
a: Evoke Flight


You were on level 6 of the Dungeon.
You were not hungry.

You visited 1 branch of the dungeon, and saw 6 of its levels.

You collected 170 gold pieces.

Inventory:

Hand weapons
 a - a +0,-4 elven falchion
 F - a +0,+0 falchion (weapon)
Armour
 b - a +0 elven leather armour (worn)
 l - a +0 helmet (worn)
 y - a cursed -1 cloak of magic resistance (worn)
 C - a +0 pair of boots (worn)
 D - a +0 elven large shield (worn)
Comestibles
 d - 3 bread rations
 t - a meat ration
Scrolls
 e - 7 scrolls of identify
 f - 2 scrolls of enchant weapon II {unknown}
 h - 2 scrolls of curse armour
 j - 2 scrolls of immolation
 m - a scroll of curse weapon {unknown}
 o - a scroll of enchant armour {unknown}
 p - 5 scrolls of remove curse
 q - a scroll of fear {unknown}
 v - a scroll of random uselessness {unknown}
 w - 2 scrolls of magic mapping {unknown}
 A - a scroll of noise {unknown}
Jewellery
 n - a ring of flight (left hand)
 x - an amulet of conservation (around neck)
 B - a +4 ring of protection (right hand)
Potions
 i - 2 potions of cure mutation {unknown}
 k - 3 potions of lignification {unknown}
 r - 3 potions of invisibility {unknown}
 z - 2 potions of brilliance {unknown}
 E - a potion of restore abilities {unknown}
 G - a potion of confusion {unknown}
Books
 c - a book of Battle

   Spells                             Type                      Level
   *Infusion                          Charms                       1
   *Shroud of Golubria                Charms/Translocation         2
   Song of Slaying                    Charms                       2
   Spectral Weapon                    Hexes/Charms                 3
   *Regeneration                      Charms/Necromancy            3


   Skills:
 - Level 2.0 Fighting
 - Level 6.2 Long Blades
 - Level 0.8 Armour
 - Level 1.1 Dodging
 + Level 5.7 Shields
 - Level 3.4 Spellcasting
 - Level 4.2 Charms


You had 6 spell levels left.
You knew the following spells:

 Your Spells              Type           Power        Failure   Level  Hunger
a - Infusion              Chrm           ###...       38%         1    None
b - Shroud of Golubria    Chrm/Tloc      ##........   98%         2    ##.....
c - Regeneration          Chrm/Necr      ##........   100%        3    ###....


Dungeon Overview and Level Annotations

Branches:
Dungeon (6/16)
 Temple: D:4-7

Altars:
Fedhas
Okawaru

Annotations:
D:6 M4edhros' ghost, experienced OpHu


Message History

A centaur comes into view.
You hit M4edhros' ghost.
M4edhros' ghost is almost destroyed.
You feel very sick.
The centaur wields a bow.
The centaur shoots an arrow.
The arrow hits you!
M4edhros' ghost hits you but does no damage.
Your shield and leather armour prevent you from hitting M4edhros' ghost.
M4edhros' ghost is almost destroyed.
* * * LOW HITPOINT WARNING * * *
You feel extremely sick.
You feel a little better.
The centaur shoots an arrow.
The arrow hits you! M4edhros' ghost hits you.
* * * LOW HITPOINT WARNING * * *
The centaur shoots an arrow.
You block the arrow. M4edhros' ghost barely misses you.
Read which item? (? for menu, Esc to quit)
As you read the scroll labeled COFFYU SILEOH, it crumbles to dust.
Your -1 cloak of magic resistance glows black for a moment.
It was a scroll of curse armour.
You die...

.......# #.# #.#
....#### #.# #.#
##### #.###.#
#.....# #####.#
#####.### #..(....#
#.....p.#
######....@..###.
#......)...........
#.######......##..
#≈≈≈≈#.......#
#≈≈≈≈#..####...
#≈∩≈≈#%.# ##. #
#≈≈≈≈#(.#
#.#≈≈≈≈#.c#
#.#%####..#


You could see a centaur and M4edhros' ghost.

Vanquished Creatures
  An ogre (D:5)
  Blork the orc (D:5)
  A giant frog (D:6)
  3 jellies (D:6)
  3 crimson imps (D:5)
  2 hounds
  A gnoll shaman (D:4)
  An iguana (D:5)
  An orc wizard (D:4)
  A scorpion (D:4)
  An ogre skeleton (D:4)
  5 gnolls
  3 adders
  2 giant mites
  An orc skeleton (D:5)
  A worm (D:2)
  11 orcs
  A ball python (D:4)
  4 giant cockroaches
  9 goblins
  11 hobgoblins
  10 jackals
  6 bats
  2 giant geckos
  A giant gecko skeleton (D:5)
  3 giant newts
  12 kobolds
  9 rats
107 creatures vanquished.

Notes
Turn   | Place    | Note
--------------------------------------------------------------
     0 | D:1      | Econoterrorist, the High Elf Skald, began the quest for the Orb.
     0 | D:1      | Reached XP level 1. HP: 14/14 MP: 4/4
   495 | D:1      | Reached XP level 2. HP: 17/19 MP: 6/6
   499 | D:1      | Learned a level 2 spell: Shroud of Golubria
  1197 | D:2      | Reached skill level 4 in Long Blades
  1354 | D:2      | Reached XP level 3. HP: 21/24 MP: 8/8
  1367 | D:2      | Learned a level 3 spell: Regeneration
  2310 | D:3      | Reached skill level 5 in Long Blades
  2630 | D:3      | Reached XP level 4. HP: 27/29 MP: 11/11
  3011 | D:4      | Found an iron altar of Okawaru.
  3278 | D:3      | Reached skill level 6 in Long Blades
  3450 | D:4      | Reached XP level 5. HP: 23/34 MP: 12/12
  4245 | D:5      | Entered Level 5 of the Dungeon
  4787 | D:4      | Reached skill level 1 in Shields
  5027 | D:5      | Reached XP level 6. HP: 39/39 MP: 17/17
  5037 | D:5      | Noticed Blork the orc
  5054 | D:5      | Killed Blork the orc
  5229 | D:5      | Noticed an ogre
  5249 | D:5      | Killed an ogre
  5448 | D:5      | Found a blossoming altar of Fedhas.
  5587 | D:5      | Reached XP level 7. HP: 24/45 MP: 19/19
  6033 | D:6      | Reached skill level 5 in Shields
  6358 | D:6      | Found a glowing drain.
  6713 | D:6      | Noticed M4edhros' ghost (experienced OpHu)
  6759 | D:6      | Succumbed to M4edhros' ghost's poison

Action                   |  1- 3 |  4- 6 |  7- 9 || total
-------------------------+-------+-------+-------++-------
Melee: Falchion          |   129 |   298 |   296 ||   723
 Cast: Infusion          |     8 |       |     2 ||    10
       Shroud of Golubri |     9 |     2 |       ||    11
Evoke: Wand              |       |     3 |     1 ||     4
  Use: Scroll            |     2 |     1 |     3 ||     6
       Potion            |       |     4 |     5 ||     9
